 Dungeon Crawl Stone Soup version 0.29-a0-2-g12fcac58f8 (webtiles) character file.

Game seed: 3482286910583973578

87 testman the Skirmisher (level 4, -6/39 HPs)
             Began as a Palentonga Fighter on Jan 26, 2022.
             Mangled by an ogre (13 damage)
             ... on level 3 of the Dungeon.
             The game lasted 00:04:36 (1860 turns).

testman the Skirmisher (Palentonga Fighter)         Turns: 1860, Time: 00:04:36

Health: -6/39      AC:  7    Str: 21    XL:     4   Next: 28%
Magic:  4/4        EV:  7    Int:  9    God:
Gold:   73         SH:  4    Dex:  9    Spells: 3/3 levels left

rFire   . . .      SeeInvis +   a - +0 war axe
rCold   . . .      Faith    .   c - +0 buckler
rNeg    . . .      Spirit   .   b - +0 scale mail
rPois   .          Reflect  .   (no helmet)
rElec   .          Harm     .   (no cloak)
rCorr   .          Rampage  .   e - +0 pair of gloves
Will    .....                   (no barding)
Stlth   ..........              (no amulet)
HPRegen 0.13/turn               (no ring)
MPRegen 0.09/turn               (no ring)

@: no status effects
A: large, rugged brown scales 3, see invisible, deformed body, roll 1, armoured
tail
a: Rolling Charge


You were on level 3 of the Dungeon.
You visited 1 branch of the dungeon, and saw 3 of its levels.

You collected 73 gold pieces.

Inventory:

Hand Weapons
 a - a +0 war axe (weapon)
Missiles
 f - 46 stones
 h - 12 poisoned darts
Armour
 b - a +0 scale mail (worn)
 c - a +0 buckler (worn)
 e - a +0 pair of gloves (worn)
Scrolls
 i - 3 scrolls of teleportation {unknown}
 k - a scroll of magic mapping {unknown}
 n - 3 scrolls of identify {unknown}
 p - a scroll of noise {unknown}
Potions
 d - 2 potions of might
 g - 2 potions of curing {unknown}
 j - a potion of lignification {unknown}
 l - 2 potions of resistance {unknown}
 m - 2 potions of heal wounds {unknown}
 o - a potion of haste {unknown}
 q - a potion of degeneration {unknown}
 r - a potion of flight {unknown}
 s - a potion of cancellation {unknown}
 t - a potion of brilliance {unknown}


   Skills:
 + Level 4.2 Fighting
 + Level 3.5 Axes
 - Level 2.4 Armour
 - Level 2.4 Shields


You had 3 spell levels left.
You didn't know any spells.
Your spell library was empty.

Dungeon Overview and Level Annotations

Branches:
Dungeon (2/15)

Altars:
Ashenzari


Innate Abilities, Weirdness & Mutations

You are completely covered in rugged brown scales. (AC +3, +7% HP)
You have supernaturally acute eyesight. (SInv)
Armour fits poorly on your strangely shaped body.
You can roll at nearby foes to attack.
You have a long armoured tail.


Message History

Found a scale mail.
An endoplasm comes into view.
The endoplasm quivers.
Roll where?
Press: ? - help, Q - select action, (/) - cycle Dir - move target, f - endoplasm
Aim: an endoplasm You roll forward with a clatter of scales!
You slice the endoplasm!!
You kill the endoplasm!
You hear a shout!
i - 3 scrolls labelled XYBLIM LYGIUKU (gained 1)
An ogre comes into view. It is wielding a +0 giant club.
You see here a ruby potion.
g - 2 ruby potions (gained 1)
The ogre shouts!
Okay, then.
Found a scroll labelled KECZAE XILIGI.
n - 3 scrolls labelled KECZAE XILIGI (gained 1)
A quokka comes into view.
You barely miss the quokka. The quokka barely misses you.
The quokka twitches its whiskers.
The quokka bites you but does no damage.
You barely miss the quokka.
Your tail-slap misses the quokka.
The quokka barely misses you.
You hit the quokka but do no damage.
Your tail-slap misses the quokka.
You slash the ogre!
The quokka bites you but does no damage.
You block the quokka's attack. The ogre hits you with a +0 giant club!
You hit the quokka.
The quokka is moderately wounded.
You hit the ogre but do no damage. You block the quokka's attack.
The ogre hits you with a +0 giant club!!
Ouch! That really hurt!
* * * LOW HITPOINT WARNING * * *
The quokka bites you but does no damage.
You barely miss the quokka.
The quokka is moderately wounded.
You hit the ogre. You block the quokka's attack.
The ogre hits you with a +0 giant club!
You die...

#......####.#
##.#......#.#
#.....###[#.#
#...........#
#....####.####
.......
#.....#
###....
#####.# #..#.
#.###.#
#.@.#O#
#r#O#.#
#.#.#.#
#.#.#.#
#.#...#
#.##### #. #.


You could see an ogre and a quokka.

Vanquished Creatures
  Jessica (D:2)
  A gnoll (D:1)
  3 dart slugs
  7 ball pythons
  4 endoplasms
  A giant cockroach (D:1)
  7 goblins
  4 hobgoblins (D:1)
  4 quokkas
  A bat (D:1)
  4 kobolds
  4 rats
41 creatures vanquished.

Vanquished Creatures (others)
  2 plants (D:1)
2 creatures vanquished.

Grand Total: 43 creatures vanquished

Notes
Turn   | Place    | Note
-------+----------+-------------------------------------------
     0 | D:1      | testman the Palentonga Fighter began the quest for the Orb.
     0 | D:1      | Reached XP level 1. HP: 19/19 MP: 1/1
   219 | D:1      | Reached XP level 2. HP: 25/25 MP: 2/2
   711 | D:1      | Reached XP level 3. HP: 31/31 MP: 3/3
  1496 | D:2      | Noticed Jessica
  1500 | D:2      | Killed Jessica
  1501 | D:2      | Reached skill level 4 in Fighting
  1501 | D:2      | Reached XP level 4. HP: 37/39 MP: 4/4
  1578 | D:2      | Found a faded altar of an unknown god.
  1621 | D:2      | Found a broken altar of Ashenzari.
  1809 | D:2      | You fall into a shaft and drop 1 floor!
  1822 | D:3      | Noticed an ogre
  1860 | D:3      | Mangled by an ogre

Illustrated notes

Levels and vault maps discovered:
D:1:      saegor_arrival_simple_c, layout_loops_corners,
          hangedman_abyss_or_decor_stabs, corexii_corridor_pit, st_stairs_9,
          nicolae_grassy_gnolls
D:2:      layout_loops_ring, basic_altar, shapermc_ecumenical_altar_notcrosses,
          uniq_jessica
D:3:      layout_basic, vehumet_crystals

Skill      XL: |  1  2  3 |
---------------+----------+-----
Axes           | 3 |  3.5
Fighting       | 4 |  4.2
Armour         | |  2.4
Shields        | |  2.4

Action                   |  1- 3 |  4- 6 || total
-------------------------+-------+-------++-------
Melee: War axe           |    76 |    23 ||    99
       Tailslap          |     6 |     4 ||    10
 Abil: Rolling Charge    |     8 |     9 ||    17
Armor: Scale mail        |    35 |     9 ||    44
Dodge: Dodged            |    33 |     6 ||    39
Block: Buckler           |     6 |     4 ||    10

Table legend: (Time is in decaauts)
 A = Elapsed time spent in this place.
 B = Non-inter-level travel time spent in this place.
 C = Inter-level travel time spent in this place.
 D = Time resting spent in this place.
 E = Time spent auto-exploring this place.
 F = Levels seen in this place.
 G = Mean time per level.
                   A        B        C        D        E       F      G
               +--------+--------+--------+--------+--------+-----+--------+
         Total |   1898 |   1835 |     63 |    187 |   1338 |   3 |  632.7 |
       Dungeon |   1898 |   1835 |     63 |    187 |   1338 |   3 |  632.7 |
               +--------+--------+--------+--------+--------+-----+--------+

Top non-repeatable levels by time:
     D:1: 1439 daAuts
     D:2: 407 daAuts
     D:3: 52 daAuts
